 Dungeon Crawl Stone Soup version 0.31-a0-222-gefeffbb62a (webtiles) character file.

Game seed: 13244046188364361072

2561127 ragingrage the Slayer (level 27, 228/228 (233) HPs)
             Began as a Formicid Hunter on July 5, 2023.
             Was an Initiate of Gozag.
             Escaped with the Orb
             ... and 4 runes!
             The game lasted 01:12:51 (58845 turns).

ragingrage the Slayer (Formicid Hunter)            Turns: 58845, Time: 01:12:52

HP:   228/228 (233) AC: 32    Str: 19    XL:     27
MP:   34/34         EV: 35    Int: 10    God:    Gozag
Gold: 2414          SH: 24    Dex: 47    Spells: 41/48 levels left

rFire   + + .        a - +8 longbow "Zephyr" {speed, Dex+3 SInv}
rCold   + . .        c - +2 kite shield {AC+3}
rNeg    . . .        s - +5 ring mail "Haoqai" {Will+ Dex+5}
rPois   +            (helmet unavailable)
rElec   +            O - +2 cloak {rCorr}
rCorr   +            y - +2 pair of gloves of Conscience {Will+ Dex+3}
SInv    +            z - +3 pair of mountain boots {steadfast, rC+}
Will    ++++.        N - amulet of Liaxur {Spirit rElec rPois rF+}
Stlth   +++          P - ring of Daguv {rElec rF+ Dex+6}
HPRegen 0.58/turn    L - ring "Sisato Arig" {AC+4 Dex+3}
MPRegen 0.24/turn

%: guardian spirit
@: studying 2 skills, lightly drained, bribing [the Dungeon, the Realm of Zot,
the Depths]
A: permanent stasis, dig shafts and tunnels, antennae 3, four strong arms,
deformed body, deterioration 1, low MP 1, no potion heal 1, subdued magic 1,
inability to drink after injury 1
0: Orb of Zot
}: 4/15 runes: decaying, serpentine, slimy, silver
a: Dig, Shaft Self, Renounce Religion, Potion Petition, Call Merchant, Bribe
Branch


You escaped.
You worshipped Gozag.
Gozag was most pleased with you.
You visited 11 branches of the dungeon, and saw 53 of its levels.
You also visited: Trove, Bailey and Wizlab.

You collected 27775 gold pieces.
You spent 4303 gold pieces at shops.
You paid 21058 gold pieces to Gozag.

Inventory:

Hand Weapons
 a - the +8 longbow "Zephyr" (weapon) {speed, Dex+3 SInv}
   (You bought it in a shop on level 2 of the Orcish Mines)

   Dex:       It affects your dexterity (+3).
   SInv:      It lets you see invisible.
 b - the +3 greatsling "Punk" {acid, rCorr}
   (You found it on level 13 of the Dungeon)

   rCorr:     It protects you from acid and corrosion.
Missiles
 g - 7 throwing nets
Armour
 c - a +2 kite shield of protection (worn)
 s - the +5 ring mail "Haoqai" (worn) {Will+ Dex+5}
   (You found it on level 3 of the Dungeon)

   Dex:       It affects your dexterity (+5).
   Will:      It increases your willpower.
 y - the +2 pair of gloves of Conscience (worn) {Will+ Dex+3}
   (You found it on level 6 of the Dungeon)

   Dex:       It affects your dexterity (+3).
   Will:      It increases your willpower.
 z - the +3 pair of mountain boots (worn) {steadfast, rC+}
   (You found it on level 5 of the Vaults)

   Steadfast: It prevents involuntary movement, except for blinking,
   teleportation, or banishment.
   rC:        It protects you from cold.
 O - a +2 cloak of preservation (worn)
Jewellery
 n - a ring of positive energy
 p - the ring of Hafainnekka {rElec rC- rN+++ Will+ Str+6}
   (You found it on level 5 of the Pits of Slime)

   [ring of strength]

   Str:       It affects your strength (+6).
   rC:        It makes you vulnerable to cold.
   rElec:     It insulates you from electricity.
   rN:        It renders you almost immune to negative energy.
   Will:      It increases your willpower.
 r - the ring of Hego {Fly Will+ Dex+7}
   (You found it on level 3 of the Elven Halls)

   [ring of willpower]

   Dex:       It affects your dexterity (+7).
   Fly:       It grants you flight.
   Will:      It increases your willpower.
 t - the ring "Nuixt" {rC+ rCorr Int+5}
   (You found it in a treasure trove)

   [ring of protection from cold]

   Int:       It affects your intelligence (+5).
   rC:        It protects you from cold.
   rCorr:     It protects you from acid and corrosion.
 D - a +5 ring of evasion
 L - the ring "Sisato Arig" (right hand) {AC+4 Dex+3}
   (You found it on level 5 of the Pits of Slime)

   [ring of protection]

   AC:        It affects your AC (+4).
   Dex:       It affects your dexterity (+3).
 N - the amulet of Liaxur (around neck) {Spirit rElec rPois rF+}
   (You found it on level 5 of the Vaults)

   [amulet of guardian spirit]

   It causes incoming damage to be divided between your reserves of health and
   magic.
   rF:        It protects you from fire.
   rElec:     It insulates you from electricity.
   rPois:     It protects you from poison.
 P - the ring of Daguv (left hand) {rElec rF+ Dex+6}
   (You took it off a deep elf blademaster on level 3 of the Elven Halls)

   [ring of dexterity]

   Dex:       It affects your dexterity (+6).
   rF:        It protects you from fire.
   rElec:     It insulates you from electricity.
Wands
 q - a wand of charming (63)
 u - a wand of roots (82)
 w - a wand of polymorph (30)
 H - a wand of flame (68)
 J - a wand of quicksilver (13)
 V - a wand of digging (14)
Scrolls
 d - 14 scrolls of fog
 i - 4 scrolls of amnesia
 v - 5 scrolls of butterflies
 x - 2 scrolls of enchant armour
 C - 11 scrolls of poison
 G - 7 scrolls of revelation
 I - 4 scrolls of enchant weapon
 K - 7 scrolls of immolation
 T - 7 scrolls of vulnerability
 U - a scroll of silence
 W - a scroll of torment
 Z - 3 scrolls of brand weapon
Potions
 e - 5 potions of brilliance
 f - 5 potions of attraction
 h - 10 potions of lignification
 j - 7 potions of magic
 k - 10 potions of heal wounds
 l - 7 potions of invisibility
 m - 3 potions of resistance
 o - 21 potions of curing
 A - 10 potions of might
 B - 7 potions of enlightenment
 F - 5 potions of mutation
 M - 2 potions of cancellation
 Q - 3 potions of ambrosia
Miscellaneous
 E - a lightning rod (4/4)
 R - a phantom mirror
 S - a condenser vane
 X - a phial of floods
 Y - a box of beasts


   Skills:
 + Level 22.9 Fighting
 - Level 21.0 Ranged Weapons
 - Level 6.0 Throwing
 + Level 20.9 Armour
 - Level 15.0 Dodging
 - Level 14.0 Stealth
 - Level 21.0 Shields
 + Level 11.3 Spellcasting
 - Level 10.0 Hexes
 - Level 10.0 Transmutations
 - Level 18.0 Evocations


You had 41 spell levels left.
You knew the following spells:

 Your Spells              Type           Power      Damage    Failure   Level
a - Wereblood             Tmut           19%        N/A       1%          2
b - Yara's Violent Unrav  Hex/Tmut       9%         3d6       8%          5

Your spell library contained the following spells:

 Spells                   Type           Power      Damage    Failure   Level
 Beastly Appendage        Tmut           38%        N/A       1%          1
 Slow                     Hex            76%        N/A       1%          1
 Confusing Touch          Hex            19%        N/A       1%          3
 Tukima's Dance           Hex            19%        N/A       1%          3
 Cause Fear               Hex            9%         N/A       2%          4
 Ensorcelled Hibernation  Hex/Ice        24%        N/A       3%          2
 Passwall                 Tmut/Erth      10%        N/A       3%          2
 Dazzling Flash           Conj/Hex       24%        N/A       6%          3
 Inner Flame              Hex/Fire       12%        N/A       6%          3
 Spider Form              Tmut/Pois      12%        N/A       6%          3
 Summon Guardian Golem    Hex/Summ       12%        N/A       6%          3
 Ignite Poison            Fire/Tmut/Pois 9%         N/A       13%         3
 Kiss of Death            Conj/Necr      16%        2d6       17%         1
 Magic Dart               Conj           16%        1d3       17%         1
 Sandblast                Erth           8%         2d5       17%         1
 Shock                    Conj/Air       16%        1d4       17%         1
 Summon Small Mammal      Summ           16%        N/A       17%         1
 Anguish                  Hex/Necr       6%         N/A       22%         4
 Fulminant Prism          Conj/Hex       6%         3d6       22%         4
 Leda's Liquefaction      Hex/Erth       6%         N/A       22%         4
 Petrify                  Tmut/Erth      12%        N/A       22%         4
 Call Imp                 Summ           8%         N/A       26%         2
 Cigotuvi's Dreadful Rot  Necr/Pois/Air  8%         N/A       26%         2
 Poisonous Vapours        Pois/Air       8%         N/A       26%         2
 Searing Ray              Conj           8%         2d4       26%         2
 Static Discharge         Conj/Air       8%         2-3/arc   26%         2
 Call Canine Familiar     Summ           4%         N/A       47%         3
 Mephitic Cloud           Conj/Pois/Air  4%         N/A       47%         3
 Stone Arrow              Conj/Erth      8%         3d7       47%         3
 Vampiric Draining        Necr           4%         2d6       47%         3
 Volatile Blastmotes      Fire/Tloc      8%         2d10      47%         3
 Silence                  Hex/Air        6%         N/A       54%         5
 Summon Mana Viper        Hex/Summ       12%        N/A       54%         5
 Airstrike                Air            2%         2d(1-17)  88%         4
 Animate Armour           Summ/Erth      8%         N/A       88%         4
 Dispel Undead            Necr           4%         3d7       88%         4
 Flame Wave               Conj/Fire      4%         2d5       88%         4
 Iskenderun's Mystic Bla  Conj/Tloc      4%         2d3       88%         4
 Olgreb's Toxic Radiance  Pois           4%         N/A       88%         4
 Passage of Golubria      Tloc           4%         N/A       88%         4
 Summon Lightning Spire   Summ/Air       4%         N/A       88%         4
 Enfeeble                 Hex            9%         N/A       95%         7
 Statue Form              Tmut/Erth      8%         N/A       98%         6
 Arcjolt                  Conj/Air       2%         1d12      99%         5
 Fireball                 Conj/Fire      2%         3d4       99%         5
 Freezing Cloud           Conj/Ice/Air   2%         6-21      99%         5
 Iskenderun's Battlesphe  Conj           4%         2d6       99%         5
 Lee's Rapid Deconstruct  Erth           2%         3d4*      99%         5
 Summon Forest            Summ/Tloc      2%         N/A       99%         5
 Conjure Ball Lightning   Conj/Air       2%         3x3d6     100%        6
 Death Channel            Necr           2%         N/A       100%        6
 Leda's Unmaking          Conj/Erth      2%         9d1       100%        6
 Starburst                Conj/Fire      2%         6d3       100%        6
 Summon Cactus Giant      Summ           2%         N/A       100%        6
 Haunt                    Necr/Summ      2%         N/A       100%        7
 Malign Gateway           Summ/Tloc      2%         N/A       100%        7
 Orb of Destruction       Conj           2%         9d5       100%        7
 Summon Hydra             Summ           2%         N/A       100%        7
 Discord                  Hex            9%         N/A       100%        8
 Ignition                 Fire           2%         3d3       100%        8
 Infestation              Necr           2%         N/A       100%        8
 Lehudib's Crystal Spear  Conj/Erth      2%         10d2      100%        8
 Maxwell's Capacitive Co  Air            2%         ∞         100%        8
 Fire Storm               Conj/Fire      2%         8d1       100%        9
 Shatter                  Erth           2%         3d6*      100%        9
 Vhi's Electric Charge    Tloc/Air       Unusable   N/A       N/A         3
 Animate Dead             Necr           Unusable   N/A       N/A         4

Dungeon Overview and Level Annotations

Branches:
Dungeon (15/15)            Temple (0/1) D:4            Lair (5/5) D:11
  Swamp (4/4) Lair:2        Snake (4/4) Lair:3        Slime (5/5) Lair:5
    Orc (2/2) D:10            Elf (3/3) Orc:2        Vaults (5/5) D:14
  Crypt (0/3) Vaults:2     Depths (4/4) D:15           Hell (visited)
    Dis (0/7) Hell            Geh (0/7) Hell            Coc (0/7) Hell
    Tar (0/7) Hell            Zot (5/5) Depths:4     Bailey (visited)
 WizLab (visited)

Altars:
Ashenzari
Dithmenos
Elyvilon
Gozag
Makhleb
Nemelex Xobeh
Okawaru
Qazlal
Ru
Sif Muna
Uskayaw
Vehumet
Wu Jian
Xom
Yredelemnul
Zin
The Shining One
Lugonu

Shops:
D:7 ?   D:12 =   D:13 *   D:15 [   Orc:2 :*[(   Snake:1 *(   Snake:3 [
Vaults:5 ?

Portals:
Hell: Depths:1 Depths:2 Depths:3 Depths:4
Abyss: Lair:5 Depths:1 Depths:3 Depths:4
Pandemonium: Depths:2 Depths:3
Ziggurat: Depths:3

Annotations:
D:2 Terence
D:8 2 transporters, Datul's ghost, novice DrAE
D:13 3 runed translucent doors, DivineBovine's ghost, journeyman DEFE
Elf:2 3 runed translucent doors
Vaults:5 Sojobo
Depths:2 3 runed translucent doors, Demosthentine's ghost, adept DsGl; Rimpaiq's ghost, veteran HuIE; Walofim's ghost, adept DrTm
Zot:1 exclusion: downstairs


Innate Abilities, Weirdness & Mutations

You cannot be hasted, slowed, berserked, paralysed or teleported.
You can dig through walls and to a lower floor.
You have a pair of large antennae on your head. (SInv)
Your four strong arms can wield two-handed weapons with a shield.
Armour fits poorly on your strangely shaped body.
Your body sometimes deteriorates upon taking damage.
Your magical capacity is low. (-10% MP)
Potions are less effective at restoring your health.
Your spells are a little easier to cast, but a little less powerful.
You occasionally lose the ability to drink potions when taking damage.


Message History

(D) Dungeon (T) Temple (L) Lair (S) Swamp (P) Snake Pit (M) Slime Pits (O) Orcish Mines (E) Elven Halls (V) Vaults (C) Crypt (U) Depths (H) Hell (I) Dis (G) Gehenna (X) Cocytus (Y) Tartarus (Z) Zot
Where to? (Enter - D:1 @ (x,y), ? - help)
There is a stone staircase leading up here.
You climb upwards.
There is a stone staircase leading down here.
There is a stone staircase leading up here.
You climb upwards.
There is a stone staircase leading down here.
There is a stone staircase leading up here.
You climb upwards.
Level annotation: Terence
There is a stone staircase leading down here.
You see here a +0 falchion.
There is a stone staircase leading up here.
You climb upwards.
There is a stone staircase leading down here.
The orange demon stares, then turns away, jangling a coin purse.
An orange demon comes into view.
No target in view!
No target in view!
No target in view!
(D) Dungeon (T) Temple (L) Lair (S) Swamp (P) Snake Pit (M) Slime Pits (O) Orcish Mines (E) Elven Halls (V) Vaults (C) Crypt (U) Depths (H) Hell (I) Dis (G) Gehenna (X) Cocytus (Y) Tartarus (Z) Zot
Where to? (Enter - D:1 @ (x,y), ? - help)
There is a staircase leading out of the dungeon here.
(D) Dungeon (T) Temple (L) Lair (S) Swamp (P) Snake Pit (M) Slime Pits (O) Orcish Mines (E) Elven Halls (V) Vaults (C) Crypt (U) Depths (H) Hell (I) Dis (G) Gehenna (X) Cocytus (Y) Tartarus (Z) Zot
Where to? (Enter - D:1 @ (x,y), ? - help)
There is a staircase leading out of the dungeon here.
You have escaped!

#...##...........#..# #.#
#...##..#######..#..# #.#
##...##..##...##.....# #.#
.........#.###.#..#..# #.#
#####....#.'>#.#..#.## #.#
...##.#..#.###.'..#.# #.#
...##.#..##...##..#.# #.#
...##.#..#######..#.# #.#
..[##.#.........@.#.# #.#
...##.#...........#.# #.#
...##.###...........#####.#
...'.......#............#.#
...##....###............#.#
........## #............#.#
####..#.# #............#.#
........# #.........^..#.#
#...########............#.#


There were no monsters in sight!

Vanquished Creatures
  the Royal Jelly (Slime:5)
  3 orbs of fire
  2 ancient liches (Zot:5)
  Mara (Depths:1)
  2 juggernauts
  Vv (Zot:3)
  Xtahua (Vaults:5)
  7 caustic shrikes
  Geryon (Hell)
  2 curse toes
  8 golden dragons
  2 bone dragons (Depths:4)
  3 electric golems
  10 tentacled monstrosities
  Jorgrun (Orc:1)
  A hellephant (Depths:4)
  3 walking earthen tomes
  2 deep elf master archers (Elf:3)
  4 deep elf blademasters (Elf:3)
  2 liches
  9 Orb Guardians (Zot:5)
  A walking frostbound tome (Zot:2)
  24 acid blobs
  A quicksilver dragon (Zot:5)
  A walking divine tome (Zot:2)
  6 death cobs
  A titan (Vaults:5)
  2 ancient champions (Hell)
  A sphinx (shapeshifter) (Depths:4)
  Agnes (Snake:2)
  A sphinx (Vaults:1)
  11 storm dragons
  Kirke (Snake:2)
  2 tengu reavers
  8 shadow dragons
  3 draconian monks
  15 rockslimes
  Donald (Orc:2)
  A fenstrider witch (Swamp:3)
  9 frost giants
  7 fire giants
  Roxanne (Elf:3)
  3 narguns (Zot:2)
  12 azure jellies
  A draconian knight (Zot:1)
  A revenant (Hell)
  3 nagarajas
  4 balrugs
  3 draconian scorchers
  3 ghost moths
  9 deep elf sorcerers
  Louise (Swamp:3)
  A cacodemon (Hell)
  14 vault wardens
  2 orc warlords
  5 deep elf elementalists (Elf:3)
  4 draconian stormcallers
  9 formless jellyfish
  4 draconian shifters
  5 stone giants
  A ghoul (Swamp:4)
  2 spriggan defenders
  8 draconian annihilators
  21 very ugly things
  3 war gargoyles
  2 reapers
  14 quicksilver oozes
  2 vampire knights
  7 green draconians
  Nessos (Orc:2)
  7 ironbound thunderhulks
  5 deep elf demonologists
  14 ironbound preservers
  6 deep elf annihilators
  7 eleionomae
  An elemental wellspring (Hell)
  12 dire elephants
  7 black draconians
  5 spark wasps
  A wendigo (Hell)
  7 purple draconians
  8 white draconians
  7 yellow draconians
  5 bunyips
  9 red draconians
  2 iron golems (Hell)
  A crystal guardian (Hell)
  10 ettins
  9 fire dragons
  A blizzard demon (Depths:4)
  6 deep elf death magi
  6 deep elf high priests
  3 entropy weavers
  11 yaktaur captains
  3 shambling mangroves
  16 great orbs of eyes
  24 vault guards
  Josephine (D:14)
  4 salamander tyrants
  2 hell beasts (Depths:1)
  3 ghost crabs
  Erolcha (D:12)
  5 ice dragons
  3 rakshasas (Depths:2)
  A peacekeeper (Vaults:4)
  19 hydras
  14 anacondas
  7 ironbound frosthearts
  A spriggan skeleton (Hell)
  18 centaur warriors
  A spriggan air mage (Depths:3)
  A boulder beetle (D:13)
  3 death knights
  12 alligators
  18 dancing weapons
  A vampire mage (Depths:2)
  3 deep troll shamans
  9 two-headed ogres
  5 death yaks
  8 deep troll earth magi
  4 tengu warriors
  5 naga warriors
  2 demonic crawlers (Hell)
  9 soul eaters
  4 spriggan berserkers
  3 crystal echidnas
  5 shock serpents
  11 sun demons
  9 naga sharpshooters
  3 orc high priests
  4 thrashing horrors (Lair:5)
  16 deep elf knights
  6 hell knights
  2 fire crabs (Swamp:4)
  5 salamander mystics
  3 sixfirhies (Hell)
  7 skysharks
  8 iron trolls
  A death drake (shapeshifter) (Vaults:5)
  4 goliath frogs
  A death drake (WizLab)
  6 skeletal warriors
  A shadow demon (Zot:2)
  49 deep trolls
  3 spriggan druids
  2 flayed ghosts
  4 sea snakes
  4 glowing orange brains
  2 spriggan simulacra (Hell)
  3 naga ritualists (Snake:4)
  A bog body (Swamp:3)
  2 large abominations (Lair:5)
  7 wizards
  7 harpies (Vaults:1)
  11 deep elf archers
  8 orc knights
  An orange crystal statue (D:11)
  8 swamp dragons
  A lindwurm (shapeshifter) (Depths:4)
  7 phantasmal warriors
  11 lindwurms
  15 ironbound convokers
  4 necromancers
  33 deep elf pyromancers
  33 deep elf zephyrmancers
  49 ugly things
  4 mana vipers
  6 cyclopes
  4 will-o-the-wisps
  2 oklob plants
  5 shining eyes
  29 salamanders
  8 orc sorcerers
  A rust devil (Hell)
  9 elephants (Lair:4)
  3 manticores
  15 moths of wrath
  A titan simulacrum (Hell)
  18 black mambas
  10 naga magi
  12 vault sentinels
  A torpor snail (Lair:1)
  4 eyes of devastation
  An ice statue (D:11)
  A centaur zombie (Hell)
  9 guardian serpents
  5 smoke demons
  2 gargoyles
  A water nymph (shapeshifter) (Elf:2)
  4 molten gargoyles
  An unseen horror (D:12)
  10 cane toads
  2 freezing wraiths (D:15)
  A rime drake (shapeshifter) (Depths:2)
  11 komodo dragons
  2 rime drakes
  A yaktaur (shapeshifter) (D:13)
  2 efreet (D:14)
  37 yaktaurs
  An iron giant simulacrum (Hell)
  2 red devils
  2 ancient zymes (Lair:5)
  2 bloated husks
  13 hornets
  5 tyrant leeches
  2 polar bears
  Prince Ribbit (D:6)
  6 trolls
  2 harpy skeletons (Hell)
  9 dream sheep
  23 blink frogs
  An iron dragon simulacrum (Hell)
  2 centaur simulacra (Hell)
  111 slime creatures
  4 air elementals
  A culicivora (shapeshifter) (Lair:5)
  15 spriggans
  6 wraiths
  3 shadows
  A water elemental (Depths:2)
  A vampire (D:13)
  3 ynoxinuls (Lair:5)
  70 yaks
  3 naga simulacra (Hell)
  6 wyverns
  4 fire bats (Depths:3)
  10 basilisks
  A hog (shapeshifter) (Elf:3)
  14 golden eyes
  2 fire elementals
  A fire bat (shapeshifter) (Vaults:5)
  3 steam dragons (Swamp:4)
  7 vampire mosquitoes
  2 chaos spawn (Lair:5)
  31 nagas
  5 wargs
  19 swamp worms
  A harpy simulacrum (Hell)
  4 acid dragons
  An ice beast (shapeshifter) (Depths:3)
  2 floating eyes
  12 swamp drakes
  16 water moccasins
  3 ice beasts
  28 orc warriors
  A sky beast (D:6)
  8 ogres
  A black bear (D:7)
  4 boggarts (D:15)
  6 centaurs
  6 wolves (Lair:3)
  A phantom (D:3)
  A kobold brigand (D:9)
  13 bullfrogs
  4 gnoll sergeants
  4 necrophages (Swamp:4)
  3 earth elementals (Elf:1)
  3 scorpions
  14 wights
  12 killer bees
  4 electric eels
  7 howler monkeys
  5 lava snakes
  5 hounds
  A jelly (D:6)
  22 orc priests
  2 sleepcaps
  Ijyb (D:3)
  Jessica (D:3)
  An iguana (D:5)
  22 orc wizards
  4 yak simulacra (Lair:2)
  4 polar bear simulacra (Lair:2)
  12 small abominations (Lair:5)
  A boggart simulacrum (D:14)
  Robin (D:4)
  31 gnolls
  14 adders
  2 white imps
  An ufetubus (D:5)
  A dart slug (D:3)
  84 orcs
  4 endoplasms
  4 giant cockroaches
  27 goblins
  11 hobgoblins
  4 jackals (D:4)
  24 kobolds
  A quokka (D:4)
  3 training dummies (Snake:1)
  8 ball pythons
  6 bats
  4 frilled lizards
  6 rats
  3 river rat simulacra (Lair:2)
2121 creatures vanquished.

Vanquished Creatures (collateral kills)
  A bone dragon (Depths:4)
  2 Orb Guardians (Zot:5)
  A tengu reaver (Depths:4)
  2 storm dragons (Zot:5)
  A draconian scorcher (Zot:5)
  A draconian shifter (Zot:5)
  A war gargoyle (Vaults:5)
  A reaper (Zot:2)
  2 purple draconians
  3 vault guards (Vaults:5)
  A sun demon (Zot:5)
  A moth of wrath (Zot:5)
  A vault sentinel (Vaults:5)
18 creatures vanquished.

Vanquished Creatures (others)
  3 orbs of fire
  An ancient lich (Vaults:5)
  2 dread liches (Vaults:5)
  A Killer Klown (Zot:5)
  A tentacled monstrosity (Vaults:5)
  3 Orb Guardians (Zot:5)
  2 titans (Vaults:5)
  7 tengu reavers (Vaults:5)
  5 storm dragons (Vaults:5)
  2 fire giants (Vaults:5)
  A frost giant (Vaults:5)
  2 vault wardens (Vaults:5)
  A draconian stormcaller (Zot:5)
  A war gargoyle (Vaults:5)
  An ironbound preserver (Vaults:5)
  A very ugly thing (Vaults:5)
  2 stone giants (Vaults:5)
  A green draconian (Zot:5)
  A yellow draconian (Zot:5)
  An ettin (shapeshifter) (Vaults:5)
  A yaktaur captain (Vaults:5)
  A deep elf high priest (Vaults:5)
  An entropy weaver (Vaults:5)
  2 vault guards (Vaults:5)
  An ogre mage (Vaults:5)
  A sun demon (Zot:2)
  A fire crab (shapeshifter) (Vaults:5)
  2 ironbound convokers (Vaults:5)
  6 phantasmal warriors (Vaults:5)
  A deep elf pyromancer (Elf:1)
  A smoke demon (Hell)
  A vault sentinel (Vaults:5)
  2 freezing wraiths (Vaults:5)
  A yaktaur (Vaults:5)
  2 air elementals (WizLab)
  A human (Snake:2)
  2 redbacks (Vaults:5)
  A harpy simulacrum (Hell)
  A swamp drake (Swamp:4)
  4 foxfires
72 creatures vanquished.

Grand Total: 2211 creatures vanquished

Notes
Turn   | Place    | Note
-------+----------+-------------------------------------------
     0 | D:1      | ragingrage the Formicid Hunter began the quest for the Orb.
     0 | D:1      | Reached XP level 1. HP: 16/16 MP: 1/1
   484 | D:1      | Reached XP level 2. HP: 23/23 MP: 2/2
   830 | D:2      | Reached XP level 3. HP: 21/28 MP: 3/3
   995 | D:2      | Reached skill level 3 in Fighting
  1268 | D:2      | Reached XP level 4. HP: 34/35 MP: 4/4
  1312 | D:2      | Noticed Terence
  1366 | D:3      | Found an opulent altar of Gozag.
  1374 | D:3      | Became a worshipper of Gozag Ym Sagoz the Greedy
  1399 | D:3      | Noticed Ijyb
  1422 | D:4      | Found a shimmering altar of Xom.
  1423 | D:4      | Found a shimmering altar of Xom.
  1426 | D:4      | Noticed Robin
  1433 | D:4      | Reached skill level 5 in Ranged Weapons
  1433 | D:4      | Reached XP level 5. HP: 28/41 MP: 5/5
  1451 | D:4      | Killed Robin
  1674 | D:4      | Found a shimmering altar of Xom.
  1675 | D:4      | Found a shimmering altar of Xom.
  1676 | D:4      | Found a shimmering altar of Xom.
  1676 | D:4      | Found a shimmering altar of Xom.
  1680 | D:4      | Found a shimmering altar of Xom.
  1910 | D:4      | Reached XP level 6. HP: 22/43 MP: 6/6
  1991 | D:4      | Found a sparkling altar of Nemelex Xobeh.
  2487 | D:4      | Found a sacrificial altar of Ru.
  2492 | D:4      | Found a staircase to the Ecumenical Temple.
  2785 | D:3      | Reached XP level 7. HP: 13/52 MP: 7/7
  2787 | D:3      | Identified the +5 ring mail "Haoqai" {Will+ Dex+5}
  3001 | D:3      | Found a hide-covered altar of Uskayaw.
  3294 | D:3      | Killed Ijyb
  3350 | D:3      | Noticed Jessica
  3361 | D:3      | Killed Jessica
  3484 | D:3      | Found a shimmering blue altar of Sif Muna.
  3557 | D:5      | Entered Level 5 of the Dungeon
  3608 | D:5      | Found an ornate altar of the Wu Jian Council.
  3608 | D:5      | Found a burning altar of Makhleb.
  4078 | D:5      | Reached XP level 8. HP: 54/58 MP: 8/8
  4485 | D:6      | Found a stormy altar of Qazlal.
  4549 | D:6      | Reached skill level 10 in Ranged Weapons
  4561 | D:6      | Noticed Prince Ribbit
  4575 | D:6      | Killed Prince Ribbit
  4618 | D:6      | Identified the +2 pair of gloves of Conscience {Will+
                  | Dex+3}
  4694 | D:6      | Reached XP level 9. HP: 45/63 MP: 9/9
  5436 | D:7      | Found Kuam's Magic Scroll Shop.
  5450 | D:7      | Bought a scroll of poison for 40 gold pieces
  5450 | D:7      | Bought a scroll of identify for 20 gold pieces
  5586 | D:7      | Reached XP level 10. HP: 70/70 MP: 10/10
  5904 | D:8      | Found a transporter.
  5912 | D:8      | Found a transporter.
  5912 | D:8      | Noticed Datul's ghost (novice DrAE)
  6463 | D:8      | Found a basalt altar of Yredelemnul.
  6639 | D:8      | Found a white marble altar of Elyvilon.
  6641 | D:8      | Found a glowing silver altar of Zin.
  6643 | D:8      | Found a glowing golden altar of the Shining One.
  6761 | D:9      | Found a radiant altar of Vehumet.
  6826 | D:9      | Reached skill level 15 in Ranged Weapons
  6862 | D:9      | Found a flagged portal.
  6878 | Bailey   | Entered a bailey
  6904 | Bailey   | Noticed an orc warlord
  6988 | Bailey   | Found a runed translucent gate.
  6988 | Bailey   | Found a runed translucent gate.
  6988 | Bailey   | Found a runed translucent gate.
  7126 | Bailey   | Killed an orc warlord
  7127 | Bailey   | Reached XP level 11. HP: 75/75 MP: 11/11
  7261 | D:9      | Acquired a +5 arbalest of freezing
  7283 | D:9      | Noticed a two-headed ogre
  7285 | D:9      | Killed a two-headed ogre
  7618 | D:9      | Noticed a two-headed ogre
  7623 | D:9      | Killed a two-headed ogre
  7704 | D:9      | Found a shadowy altar of Dithmenos.
  7774 | D:10     | Entered Level 10 of the Dungeon
  8073 | D:10     | Noticed a two-headed ogre
  8077 | D:10     | Killed a two-headed ogre
  8319 | D:10     | Found a staircase to the Orcish Mines.
  8540 | D:10     | Found a broken altar of Ashenzari.
  8746 | D:11     | Reached XP level 12. HP: 81/81 MP: 12/12
  8750 | D:11     | Noticed a two-headed ogre
  8754 | D:11     | Killed a two-headed ogre
  9057 | D:11     | Noticed a two-headed ogre
  9064 | D:11     | Killed a two-headed ogre
  9082 | D:11     | Reached skill level 5 in Shields
  9672 | D:11     | Found a staircase to the Lair.
  9806 | Lair:1   | Entered Level 1 of the Lair of Beasts
  9841 | Lair:1   | Reached skill level 1 in Armour
  9844 | Lair:1   | Reached skill level 1 in Evocations
  9930 | Lair:1   | Identified the +6 quarterstaff "Seokir" {heavy, rF- rCorr
                  | Str+4 Stlth+}
 10102 | Lair:1   | Reached skill level 4 in Fighting
 10282 | Lair:1   | Got the Thoughts on Inhalation
 10604 | Lair:2   | Reached skill level 5 in Fighting
 10635 | Lair:2   | Noticed a four-headed hydra
 10656 | Lair:2   | Killed a four-headed hydra
 10657 | Lair:2   | Reached XP level 13. HP: 84/92 MP: 13/13
 10865 | Lair:2   | Reached skill level 6 in Fighting
 10871 | Lair:2   | Reached skill level 5 in Armour
 10871 | Lair:2   | Reached skill level 5 in Evocations
 10910 | Lair:2   | Reached skill level 7 in Fighting
 10910 | Lair:2   | Found a staircase to the Swamp.
 10984 | Lair:2   | Reached skill level 8 in Fighting
 11090 | Lair:2   | Reached skill level 9 in Fighting
 11452 | Lair:3   | Found a staircase to the Snake Pit.
 11710 | Lair:3   | Reached skill level 10 in Fighting
 12468 | Lair:4   | Reached XP level 14. HP: 111/111 MP: 14/14
 12526 | Lair:4   | Reached skill level 10 in Shields
 12592 | Lair:4   | Found the +16 obsidian axe {drain, demonic, Mesm Drain Fly
                  | SInv}
 12624 | Lair:4   | Reached skill level 11 in Fighting
 13304 | Lair:5   | Entered Level 5 of the Lair of Beasts
 13433 | Lair:5   | Found a staircase to the Slime Pits.
 13482 | Lair:5   | Reached skill level 5 in Dodging
 13947 | Lair:5   | Reached skill level 12 in Fighting
 14054 | Lair:5   | Reached XP level 15. HP: 120/120 MP: 15/15
 14707 | Lair:5   | Found a corrupted altar of Lugonu.
 14707 | Lair:5   | Found a one-way gate to the infinite horrors of the Abyss.
 14761 | Lair:5   | Learned a level 2 spell: Wereblood
 15230 | Orc:1    | Entered Level 1 of the Orcish Mines
 15347 | Orc:2    | Entered Level 2 of the Orcish Mines
 15347 | Orc:2    | Noticed Jorgrun
 15356 | Orc:1    | Reached skill level 1 in Transmutations
 15361 | Orc:1    | Killed Jorgrun
 15378 | Orc:2    | Noticed Donald
 15745 | Orc:2    | Found a staircase to the Elven Halls.
 15771 | Orc:2    | Noticed Nessos
 15776 | Orc:2    | Killed Nessos
 16091 | Orc:2    | Killed Donald
 16140 | Orc:2    | Reached skill level 13 in Fighting
 16353 | Orc:2    | Noticed an orc warlord
 16514 | Orc:2    | Killed an orc warlord
 16690 | Orc:2    | Found Jiamidgho's Antique Armour Emporium.
 16690 | Orc:2    | Found Alasef's Antique Weapon Emporium.
 16705 | Orc:2    | Found Eraid's General Store.
 16705 | Orc:2    | Found Hynuimm's Book Shoppe.
 16709 | Orc:2    | Bought a throwing net for 48 gold pieces
 16709 | Orc:2    | Bought 2 potions of curing for 96 gold pieces
 16719 | Orc:2    | Bought an ancient scale mail for 243 gold pieces
 16719 | Orc:2    | Identified the +1 scale mail of Bad Feelings {rElec} (You
                  | bought it in a shop on level 2 of the Orcish Mines)
 16721 | Orc:2    | Bought the +8 longbow "Zephyr" {speed, Dex+3 SInv} for 1925
                  | gold pieces
 16721 | Orc:2    | Found the +8 longbow "Zephyr" {speed, Dex+3 SInv}
 17106 | D:12     | Found the +8 trident of the Octopus King {venom, rElec
                  | rPois}
 17384 | D:12     | Found Laholamm's Jewellery Shoppe.
 17457 | D:12     | Reached XP level 16. HP: 131/131 MP: 16/16
 17480 | D:12     | Noticed Erolcha
 17482 | D:12     | Killed Erolcha
 18114 | D:13     | Found a large runed translucent door.
 18115 | D:13     | Found a large runed translucent door.
 18342 | D:13     | Found a runed translucent gate.
 18343 | D:13     | Found a runed translucent gate.
 18343 | D:13     | Found an opulent altar of Gozag.
 18344 | D:13     | Found a runed translucent gate.
 18351 | D:13     | Found Lizygar's Assorted Antiques.
 18351 | D:13     | Noticed DivineBovine's ghost (journeyman DEFE)
 18472 | D:13     | Found an iron altar of Okawaru.
 18472 | D:13     | Found an iron altar of Okawaru.
 18598 | D:13     | Found the +3 greatsling "Punk" {acid, rCorr}
 18795 | D:14     | Noticed Josephine
 18809 | D:14     | Killed Josephine
 18844 | D:14     | Found a gate to the Vaults.
 19526 | D:14     | Found a sacrificial altar of Ru.
 19910 | D:15     | Entered Level 15 of the Dungeon
 20439 | D:15     | Found Jot Jauf's Antique Armour Emporium.
 20650 | D:15     | Found a staircase to the Depths.
 20952 | D:12     | Bought the amulet "Leuvesh" {Reflect Harm rPois Dex+3 SH+5
                  | SInv Stlth-} for 603 gold pieces
 21130 | Snake:1  | Entered Level 1 of the Snake Pit
 21187 | Snake:1  | Found Mucocuz's Assorted Antiques.
 21193 | Snake:1  | Bought a lightning rod (4/4) for 1080 gold pieces
 21633 | Snake:1  | Found Nuvaikk's Firing Range.
 21719 | Snake:2  | Reached XP level 17. HP: 136/137 MP: 17/17
 21719 | Snake:2  | Noticed Kirke
 21795 | Snake:2  | Reached skill level 5 in Transmutations
 21845 | Snake:2  | Reached skill level 5 in Stealth
 21860 | Snake:2  | Killed Kirke
 22109 | Snake:2  | Noticed Agnes
 22115 | Snake:2  | Killed Agnes
 22294 | Snake:2  | Reached skill level 10 in Armour
 22584 | Snake:3  | Reached skill level 14 in Fighting
 23064 | Snake:3  | Found Kuter's Superior Scales.
 23268 | Snake:4  | Entered Level 4 of the Snake Pit
 23570 | Snake:4  | Reached skill level 15 in Shields
 23592 | Snake:4  | Reached XP level 18. HP: 147/147 MP: 18/18
 23911 | Snake:4  | Got a serpentine rune of Zot
 24545 | Swamp:1  | Entered Level 1 of the Swamp
 24818 | Swamp:1  | Reached skill level 15 in Fighting
 26063 | Swamp:3  | Reached XP level 19. HP: 128/157 MP: 19/19
 26063 | Swamp:3  | Reached XP level 20. HP: 134/164 MP: 20/20
 26182 | Swamp:3  | Reached skill level 16 in Fighting
 26572 | Swamp:3  | Noticed Louise
 26589 | Swamp:3  | Killed Louise
 26757 | Swamp:4  | Entered Level 4 of the Swamp
 27317 | Swamp:4  | Acquired a manual of Spellcasting
 27336 | Swamp:4  | Identified the +5 double sword of the Burning Boar {flame,
                  | Str+4 Dex+2}
 28087 | Vaults:1 | Entered Level 1 of the Vaults
 28554 | Vaults:1 | Reached skill level 17 in Fighting
 28886 | Vaults:1 | Reached skill level 10 in Evocations
 28910 | Vaults:1 | Reached XP level 21. HP: 174/174 MP: 21/21
 29369 | Vaults:2 | Found a magical portal.
 29381 | WizLab   | Entered The Chambers of the Cloud Mage
 29650 | Vaults:2 | Reached skill level 15 in Armour
 30504 | Vaults:2 | Found a staircase to the Crypt.
 31145 | Vaults:3 | Reached XP level 22. HP: 181/181 MP: 20/22
 32317 | Vaults:4 | Identified the +1 robe of Molut {Will+ Int+3}
 33603 | Vaults:5 | Entered Level 5 of the Vaults
 33607 | Vaults:5 | Noticed Xtahua
 33609 | Vaults:5 | Reached skill level 18 in Fighting
 33620 | Vaults:5 | Noticed Sojobo
 33631 | Vaults:5 | Noticed a golden dragon
 33640 | Vaults:5 | Killed a golden dragon
 33641 | Vaults:5 | Reached skill level 19 in Fighting
 33684 | Vaults:5 | Noticed a golden dragon
 33689 | Vaults:5 | Noticed a dread lich
 33693 | Vaults:5 | Killed a golden dragon
 33710 | Vaults:5 | Reached XP level 23. HP: 78/196 MP: 23/23
 33711 | Vaults:5 | Noticed an ancient lich
 33798 | Vaults:5 | Identified the +7 quarterstaff "Liser" {drain, Fly rElec
                  | rN+ Int+2}
 33798 | Vaults:5 | Identified the amulet "Echeepp" {Acrobat Int+8}
 33806 | Vaults:5 | Noticed a dread lich
 33825 | Vaults:5 | Killed a dread lich
 33850 | Vaults:5 | Killed a dread lich
 33866 | Vaults:5 | Killed an ancient lich
 33954 | Vaults:5 | Reached skill level 20 in Fighting
 34113 | Vaults:5 | Found the +3 pair of mountain boots {steadfast, rC+}
 34121 | Vaults:5 | Got a silver rune of Zot
 34126 | Vaults:5 | Identified the amulet of Liaxur {Spirit rElec rPois rF+}
 34145 | Vaults:5 | Got Asmodeus's Catalogue of Combustion
 34251 | Vaults:5 | Noticed a golden dragon
 34259 | Vaults:5 | Killed a golden dragon
 34268 | Vaults:5 | Identified the +3 leather armour of Conscience {rF- rC+
                  | Will++}
 34314 | Vaults:5 | Identified the +11 broad axe "Demonbane" {antimagic, *Slow
                  | Dex+5 SInv}
 34319 | Vaults:5 | Reached skill level 1 in Spellcasting
 34335 | Vaults:5 | Gained mutation: You are vulnerable to cold. (rC-) [a
                  | neqoxec]
 34551 | Vaults:5 | Identified the +0 quick blade of Wrongful Imprisonment
                  | {flame, rElec rPois rF- Stlth+}
 34754 | Vaults:5 | Found Feipauph's Magic Scroll Boutique.
 34767 | Vaults:5 | Bought a scroll of enchant armour for 120 gold pieces
 34767 | Vaults:5 | Bought a scroll of poison for 64 gold pieces
 34767 | Vaults:5 | Bought a scroll of immolation for 64 gold pieces
 34782 | Vaults:5 | Killed Xtahua
 35215 | Vaults:5 | Got the Volume of Red Terra Firma
 35744 | Slime:1  | Entered Level 1 of the Pits of Slime
 36203 | Slime:2  | Gained mutation: Armour fits poorly on your strangely
                  | shaped body. [a shining eye]
 36241 | Slime:2  | Reached skill level 10 in Stealth
 36295 | Slime:2  | Lost mutation: Armour fits poorly on your strangely shaped
                  | body. [potion of mutation]
 36295 | Slime:2  | Lost mutation: You are vulnerable to cold. (rC-) [potion of
                  | mutation]
 36295 | Slime:2  | Gained mutation: You are frail. (-10% HP) [potion of
                  | mutation]
 36295 | Slime:2  | Gained mutation: Your muscles are strong. (Str +4, Int/Dex
                  | -1) [potion of mutation]
 36594 | Slime:2  | Reached skill level 5 in Spellcasting
 36799 | Slime:2  | Gained mutation: You are vulnerable to cold. (rC-) [a
                  | shining eye]
 36802 | Slime:2  | Gained mutation: You occasionally lose the ability to drink
                  | potions when taking damage. [a shining eye]
 36833 | Slime:2  | Lost mutation: You are frail. (-10% HP) [potion of
                  | mutation]
 36833 | Slime:2  | Lost mutation: You are vulnerable to cold. (rC-) [potion of
                  | mutation]
 36833 | Slime:2  | Lost mutation: Your muscles are strong. (Str +4, Int/Dex
                  | -1) [potion of mutation]
 36833 | Slime:2  | Gained mutation: Your body sometimes deteriorates upon
                  | taking damage. [potion of mutation]
 37276 | Slime:4  | Reached skill level 1 in Throwing
 37362 | Slime:5  | Entered Level 5 of the Pits of Slime
 37601 | Slime:5  | Reached skill level 10 in Dodging
 37601 | Slime:5  | Reached XP level 24. HP: 205/205 MP: 30/30
 37887 | Slime:4  | Reached skill level 15 in Evocations
 38218 | Slime:5  | Noticed the Royal Jelly
 38638 | Slime:5  | Killed the Royal Jelly
 39104 | Slime:5  | Found the +7 lajatang of Order {silver, rMut}
 39123 | Slime:5  | Got the Reference Book on the Rotting Union
 39131 | Slime:5  | Identified the ring "Viam" {rC+ rN+ Str-5 Int+3 Stlth+}
 39145 | Slime:5  | Identified the ring "Sisato Arig" {AC+4 Dex+3}
 39164 | Slime:5  | Got Sif Muna's Handbook of Tectonic Calling
 39169 | Slime:5  | Got a slimy rune of Zot
 39187 | Slime:5  | Identified the ring of Hafainnekka {rElec rC- rN+++ Will+
                  | Str+6}
 39217 | Slime:5  | Identified the ring of Temptation {Fly rElec Will++ rCorr
                  | Dex-5}
 39223 | Slime:5  | Identified the ring "Wijag" {Wiz Dex+3}
 39836 | Depths:1 | Entered Level 1 of the Depths
 39945 | Depths:1 | Found a gateway to Hell.
 39974 | Depths:1 | Noticed Mara
 39997 | Depths:1 | Killed Mara
 40796 | Depths:1 | Found a runed translucent door.
 41043 | Depths:1 | Identified the +0 trident of Plunder {freeze, Fly rC- Will+
                  | Str+3}
 41250 | Elf:1    | Entered Level 1 of the Elven Halls
 41599 | Elf:1    | Learned a level 5 spell: Yara's Violent Unravelling
 41934 | Elf:1    | Found a portal to a secret trove of treasure.
 42262 | Elf:2    | Found a runed translucent gate.
 42262 | Elf:2    | Found a runed translucent gate.
 42262 | Elf:2    | Found a runed translucent gate.
 42320 | Elf:2    | Reached skill level 1 in Hexes
 42581 | Elf:2    | Reached skill level 21 in Fighting
 42953 | Elf:3    | Entered Level 3 of the Elven Halls
 43023 | Elf:3    | Reached XP level 25. HP: 209/214 MP: 30/30
 43130 | Elf:3    | Reached skill level 5 in Throwing
 43862 | Elf:3    | Identified the +1 scale mail of Vudezxon {-Tele rElec rCorr
                  | Stlth+}
 43862 | Elf:3    | Identified the ring of Daguv {rElec rF+ Dex+6}
 43914 | Elf:3    | Found the +11 plutonium sword {Contam Stlth-}
 44030 | Elf:3    | Identified the ring of Hego {Fly Will+ Dex+7}
 44032 | Elf:3    | Identified the +3 dagger of Quveuh {heavy, rPois}
 44043 | Elf:3    | Identified the +0 pair of boots of the Monkey {Harm Regen+}
 44246 | Elf:3    | Identified Roxanne's Parchment of Oromancy
 44246 | Elf:3    | Noticed Roxanne
 44252 | Elf:3    | Killed Roxanne
 45104 | Depths:2 | Reached skill level 5 in Hexes
 45160 | Depths:2 | Noticed a juggernaut
 45181 | Depths:2 | Killed a juggernaut
 45305 | Depths:2 | Found a runed translucent gate.
 45306 | Depths:2 | Found a runed translucent gate.
 45306 | Depths:2 | Found a runed translucent gate.
 45307 | Depths:2 | Noticed Demosthentine's ghost (adept DsGl)
 45307 | Depths:2 | Noticed Rimpaiq's ghost (veteran HuIE)
 45309 | Depths:2 | Noticed Walofim's ghost (adept DrTm)
 45672 | Depths:2 | Found a one-way gate leading to the halls of Pandemonium.
 45694 | Depths:2 | Reached XP level 26. HP: 220/222 MP: 29/30
 45971 | Depths:2 | Found the +8 trishula "Condemnation" {holy, anguish, *Noise
                  | Fly rN+}
 46570 | Depths:3 | Found a one-way gateway to a ziggurat.
 47125 | Depths:4 | Entered Level 4 of the Depths
 47367 | Depths:4 | Noticed a juggernaut
 47477 | Depths:4 | Found a gate to the Realm of Zot.
 47719 | Depths:4 | Reached skill level 22 in Fighting
 47731 | Depths:4 | Killed a juggernaut
 47845 | Depths:4 | Found an ornate altar of the Wu Jian Council.
 48780 | Zot:1    | Entered Level 1 of the Realm of Zot
 49214 | Swamp:4  | Got a decaying rune of Zot
 49649 | Hell     | Entered the Vestibule of Hell
 49649 | Hell     | Noticed Geryon
 50187 | Hell     | Killed Geryon
 50351 | Hell     | Reached XP level 27. HP: 179/231 MP: 24/30
 50588 | Hell     | Found a gateway to the decaying netherworld of Tartarus.
 50712 | Hell     | Found a gateway to the ashen valley of Gehenna.
 50983 | Depths:4 | Reached skill level 10 in Hexes
 51511 | Hell     | Found a gateway to the Iron City of Dis.
 51563 | Hell     | Found a gateway to the freezing wastes of Cocytus.
 52018 | Elf:1    | You paid a toll of the horn of Geryon to enter a treasure
                  | trove
 52019 | Trove    | Entered a treasure trove
 52021 | Trove    | Identified the +3 buckler of Sloth {Str+5}
 52022 | Trove    | Identified the amulet "Wogafoce" {Faith Rampage Fly}
 52024 | Trove    | Identified the amulet of Ukotetepp {Acrobat rF+ Dex+5}
 52026 | Trove    | Identified the amulet of the Dolphin {Acrobat rF+ rC+
                  | rCorr}
 52036 | Trove    | Identified the ring "Xolakk" {Wiz rC+ Str-5 SInv}
 52049 | Trove    | Identified the ring of Suthreni {rC++ rN+ Str-5 Dex-2 SInv}
 52060 | Trove    | Identified the ring of the Bespelling Pariah {Contam rC+
                  | rN+ Int+3 Stlth+}
 52088 | Trove    | Identified the ring "Ziopho" {Fire rElec}
 52100 | Trove    | Identified the ring "Nuixt" {rC+ rCorr Int+5}
 53942 | Zot:2    | Noticed an orb of fire
 54356 | Zot:2    | Gained mutation: Potions are less effective at restoring
                  | your health. [an orb of fire]
 54356 | Zot:2    | Gained mutation: Armour fits poorly on your strangely
                  | shaped body. [an orb of fire]
 54357 | Zot:2    | Gained mutation: Your magical capacity is low. (-10% MP)
                  | [an orb of fire]
 54360 | Zot:2    | Killed an orb of fire
 54609 | Zot:2    | Identified the +3 double sword of the Snake Pit {drain,
                  | rElec rN+}
 54765 | Zot:2    | Reached skill level 10 in Transmutations
 55156 | Zot:3    | Noticed Vv
 55171 | Zot:3    | Killed Vv
 55421 | Zot:3    | Noticed an orb of fire
 55434 | Zot:3    | Killed an orb of fire
 56335 | Zot:4    | Reached skill level 15 in Dodging
 56923 | Zot:4    | Noticed an orb of fire
 56925 | Zot:4    | Gained mutation: Your spells are a little easier to cast,
                  | but a little less powerful. [an orb of fire]
 56942 | Zot:4    | Killed an orb of fire
 57218 | Zot:5    | Entered Level 5 of the Realm of Zot
 57890 | Zot:5    | Noticed an ancient lich
 57897 | Zot:5    | Killed an ancient lich
 57898 | Zot:5    | Reached skill level 10 in Spellcasting
 58092 | Zot:5    | Noticed an ancient lich
 58093 | Zot:5    | Noticed an orb of fire
 58099 | Zot:5    | Killed an ancient lich
 58112 | Zot:5    | Noticed a Killer Klown
 58112 | Zot:5    | Noticed an orb of fire
 58113 | Zot:5    | Noticed an orb of fire
 58115 | Zot:5    | Noticed a Killer Klown
 58125 | Zot:5    | Noticed an orb of fire
 58127 | Zot:5    | Noticed an orb of fire
 58194 | Zot:5    | Noticed an orb of fire
 58201 | Zot:5    | Got the Orb of Zot
 58626 | D:13     | Noticed a seraph
 58845 | D:$      | Escaped with the Orb!

Illustrated notes

Levels and vault maps discovered:
D:1:      minmay_arrival_stone_box, layout_basic, minmay_misc_feat_encased,
          minmay_misc_feat_doors
D:2:      layout_basic, kennysheep_generic_room_3, uniq_terence
D:3:      layout_basic, tgw_sif, mainiacjoe_overflow_boulevard,
          overflow_temple_1_default, cheibrodos_sewer_entry_drain,
          nicolae_half_adder, uniq_ijyb
D:4:      kennysheep_the_goblin_king, layout_rooms,
          nicolae_overflow_crystal_walls, lemuel_tele_altar,
          nicolae_xom_altar_mimics, minmay_temple_entry_wispy, uniq_robin
D:5:      layout_basic, gammafunk_temple_overflow_statue
D:6:      layout_loops_cross, amcnicky_altar_gilded, kennysheep_generic_room_14,
          uniq_prince_ribbit1
D:7:      layout_rooms, serial_shops, nicolae_shop_just_a_little_nook
D:8:      layout_loops_ring, good_gods_temple_1,
          mainiacjoe_overflow_concentric_impassable, gammafunk_ghost_hive
D:9:      layout_loops_ring, grunt_dithmenos_smoke,
          mainiacjoe_overflow_small_starburst, enter_bailey_5
D:10:     layout_cave_pools, cheibrodos_ashenzari_chains, erik_orc_1,
          minmay_strange_pillars, dk_vineyard_3
D:11:     minmay_separated_statues, layout_loops_corners, david_lair_shrubbed
D:12:     layout_stronghold, serial_shops, nicolae_shop_peninsula,
          nicolae_concentric_dashed_squares_wild, uniq_erolcha
D:13:     okawaru_arena_lexackson, layout_irregular_city, ebering_ghost_gozag
D:14:     layout_basic, erik_vaults_1, nicolae_ru_sacrificial_ziggurat,
          uniq_josephine
D:15:     hangedman_depths_entry_try_elsewhere_first, layout_loops_ring,
          serial_shops, shop, skrybe_limestone_x
Lair:1:   layout_roguey, nicolae_lair_liquid_snakes
Lair:2:   layout_long_grid, minmay_swamp_entry_worms, eino_house_with_fridge,
          infiniplex_staircase_pool_2, serial_bayou_shore_b, grunt_megastairs_4
Lair:3:   layout_regular_city, guppyfry_snake_entry_island
Lair:4:   layout_roguey, dreamdust_deal_with_the_devil,
          kennysheep_catoblepas_arena, lemuel_fruit_tree
Lair:5:   hellmonk_lair_end_abyssal_woods, layout_cave_pods,
          minmay_slime_entry_oklob_enclosed, nicolae_quartered_pool_impasse,
          grunt_forest_small_clearing_treed, grunt_megastairs_3
Swamp:1:  layout_basic_swamp, evilmike_swamp_ruin_house_5
Swamp:2:  layout_basic_swamp, hangedman_swamp_ruin_wall
Swamp:3:  nicolae_swamp_wrong_neighborhood, layout_basic_swamp,
          serial_swamp_ruin, evilmike_swamp_ruin_wall,
          evilmike_swamp_ruin_house_4, infiniplex_staircase_pool, uniq_louise
Swamp:4:  swamp_fiery, layout_basic_swamp, swamp_pool3,
          nicolae_swamp_well_well_well
Snake:1:  layout_misc_corridors, serial_shops, nicolae_shop_hallway_plus,
          hangedman_snake_wide_pillar_pass, nicolae_shop_firing_range
Snake:2:  layout_rooms, uniq_kirke, uniq_agnes
Snake:3:  layout_misc_corridors, hellmonk_scale_shop, serial_bayou_shore_a
Snake:4:  grunt_snake_rune_pools, layout_basic
Slime:1:  layout_caves
Slime:2:  layout_caves, special_room [special_room_jelly],
          nicolae_slime_barrier, nicolae_slime_getting_an_eyeful
Slime:3:  layout_caves
Slime:4:  layout_caves
Slime:5:  slime_pit_nicolae_royal_road_to_ruin
Orc:1:    layout_diamond_mine
Orc:2:    st_orc_congregation, layout_caves, basic_altar, uniq_nessos,
          uniq_jorgrun, uniq_donald
Elf:1:    eino_elf_arrival_customs, layout_geoelf_octagon,
          nicolae_trove_entry_crystal, hangedman_elf_represent
Elf:2:    elven_hall_of_blades_hangedman_original [nicolae_blade_little_rooms],
          layout_geoelf_octagon
Elf:3:    minmay_elf_hall_statues, layout_loops_corners,
          minmay_misc_feat_pillars, uniq_roxanne
Vaults:1: nicolae_vaults_network_square, nicolae_vaults_sesquioval_fish,
          nicolae_vaults_mitosis, nicolae_vaults_offset_grid_hallway_2,
          nicolae_vaults_trapezoid_lopsided_2, ontoclasm_vaults_loading_screen,
          grunt_vaults_focal, vaults_dpeg_ring, st_more_cells,
          nicolae_vaults_door_testing_chamber, nicolae_vaults_circle_grid_b,
          nicolae_vaults_sightless_eye, nicolae_vaults_trapezoid_1,
          grunt_vaults_diagonal, layout_vaults_omnibox
Vaults:2: mu_enter_wizlab_6, grunt_vaults_funnel, ontoclasm_vaults_gateway,
          nicolae_vaults_off_center_swirl, vaults_room_pools,
          vaults_mumra_hexcomb, vaults_room_stairs_pillars,
          blue_anna_dwarven_crypt, nicolae_vaults_little_ls,
          nicolae_vaults_sesquioval_fish, nicolae_vaults_wine_cellar,
          nicolae_vaults_variable_pillar_hall,
          nicolae_vaults_trapezoid_lopsided_4, layout_vaults_omnicross
Vaults:3: vaults_room_boxed, ontoclasm_vaults_chip, v_pattern_5,
          vaults_room_fours, nicolae_vaults_sesquioval_fish,
          nicolae_vaults_closet_pinwheel_5, nicolae_vaults_tetromino_Z_1,
          vaults_room_hallway, v_alt_pattern_3,
          nicolae_vaults_shipping_containers_4, layout_vaults_chaotic_city
Vaults:4: nicolae_vaults_network_quinsquares
          [nicolae_vaults_network_quincunx_subvault,
          nicolae_vaults_network_quincunx_subvault,
          nicolae_vaults_network_quincunx_subvault,
          nicolae_vaults_network_quincunx_subvault], nicolae_vaults_house_2,
          hangedman_vaults_trim, nicolae_vaults_little_squares_5,
          grunt_vaults_hallway_short, nicolae_vaults_storage_closets_3,
          nicolae_vaults_mini_display_case, layout_vaults_quadrants
Vaults:5: serial_shops, uniq_sojobo, uniq_xtahua
Depths:1: layout_gridlike, nicolae_cairo_tiling_very_big, grunt_mini_vestibule,
          nicolae_abyss_entry_one_way_or_another, minmay_hidden_floor, uniq_mara
Depths:2: minmay_distorted_concentric_squares, layout_gridlike,
          hangedman_abyss_or_decor_jellyfish_corner,
          pf_vacation_house_of_asmodeus, gammafunk_ghost_cemetery, pan_entry
Depths:3: hangedman_cross_stitches, layout_honeycomb, enter_ziggurat_c,
          abyss_entry, grunt_decor_junction, pan_entry, hellmouth_1
Depths:4: grunt_zot_entry_funnels, layout_cross, nicolae_wu_jian_wuxing_cycle,
          hell_entry, serial_co_window_serial, co_window_paths_a,
          co_window_corner_a, co_window_paths_a, co_window_of_opportunity_a,
          co_window_of_opportunity_a, co_window_of_opportunity_c,
          co_window_cross_2, co_window_paths_c, co_window_paths_c,
          co_window_4corner_b, co_window_4corner_a, glass_columns_b,
          glass_columns_b, hangedman_abyss_entry_splay
Hell
Zot:1:    layout_gridlike
Zot:2:    layout_gridlike, grunt_ministairs_9, st_stairs_11,
          nicolae_rock_paper_scissors
Zot:3:    layout_twisted_circle, uniq_vv
Zot:4:    layout_misc_corridors, st_stairs_1
Zot:5:    layout_cathedral_of_symmetry

Skill      XL: |  1  2  3  4  5  6  7  8  9 10 11 12 13 14 15 16 17 18 19 20 21 22 23 24 25 26 27 |
---------------+----------------------------------------------------------------------------------+-----
Stealth        | 2 3 4 7 9 10 12 13 14 | 14.0
Fighting       | 3 5 10 12 13 14 15 17 19 20 21 22 | 22.9
Ranged Weapons | 5 6 7 8 10 13 16 17 18 20 21 | 21.0
Shields        | 9 11 13 15 16 17 19 20 21 | 21.0
Armour         | 4 6 8 9 10 12 14 16 17 18 20 | 20.9
Evocations     | 4 5 6 7 10 12 14 15 16 17 18 | 18.0
Dodging        | 3 5 7 8 9 10 11 12 15 | 15.0
Transmutations | 4 7 8 10 | 10.0
Spellcasting   | 5 11 | 11.3
Throwing       | 1 4 6 |  6.0
Hexes          | 2 6 9 10 | 10.0

Action                     |  1- 3 |  4- 6 |  7- 9 | 10-12 | 13-15 | 16-18 | 19-21 | 22-24 | 25-27 || total
---------------------------+-------+-------+-------+-------+-------+-------+-------+-------+-------++-------
  Melee: Dagger            |       |       |    13 |     2 |       |       |       |       |       ||    15
   Fire: Shortbow          |    68 |   187 |       |       |       |       |       |       |       ||   255
         Orcbow            |       |    44 |   274 |   234 |       |       |       |       |       ||   552
         Arbalest          |       |       |       |   238 |   732 |       |       |       |       ||   970
         Longbow           |       |       |       |       |    56 |   959 |   852 |  1495 |  2171 ||  5533
         Greatsling        |       |       |       |       |       |     5 |       |       |    74 ||    79
  Throw: Throwing net      |       |       |       |       |       |       |       |     3 |       ||     3
   Cast: Wereblood         |       |       |       |       |       |     5 |    28 |    25 |    38 ||    96
 Invoke: Bribe Branch      |       |       |       |       |       |       |       |     1 |     6 ||     7
Ability: Dig               |     3 |     3 |       |     1 |     2 |       |       |     2 |     4 ||    15
  Evoke: Wand              |       |       |     1 |       |     5 |     3 |     1 |     8 |     3 ||    21
         Condenser vane    |       |       |       |       |       |       |       |     3 |     2 ||     5
         Box of beasts     |       |       |       |       |       |       |       |     1 |     2 ||     3
         Phantom mirror    |       |       |       |       |       |       |       |     1 |       ||     1
    Use: Scroll            |       |       |     9 |     7 |     4 |    10 |     4 |     4 |     1 ||    39
         Potion            |       |       |       |       |       |       |     1 |     2 |       ||     3
 Armour: Leather armour    |     8 |    23 |       |       |       |       |       |       |       ||    31
         Ring mail         |       |       |    53 |    32 |    55 |    10 |    27 |    53 |   162 ||   392
  Dodge: Dodged            |    24 |    95 |    53 |    86 |   169 |    61 |    64 |   145 |   530 ||  1227
  Block: Kite shield       |       |       |       |       |    11 |   184 |   146 |   276 |   751 ||  1368
         Reflection        |       |       |       |       |     1 |    29 |    39 |    18 |       ||    87

Table legend: (Time is in decaauts)
 A = Elapsed time spent in this place.
 B = Non-inter-level travel time spent in this place.
 C = Inter-level travel time spent in this place.
 D = Time resting spent in this place.
 E = Time spent auto-exploring this place.
 F = Levels seen in this place.
 G = Mean time per level.
                   A        B        C        D        E       F      G
               +--------+--------+--------+--------+--------+-----+--------+
         Total |  56988 |  51031 |   5957 |   4681 |  36266 |  56 | 1017.6 |
       Dungeon |  15076 |  12745 |   2331 |   1026 |   9423 |  15 | 1005.1 |
          Lair |   6091 |   5087 |   1004 |     96 |   4073 |   5 | 1218.2 |
         Swamp |   3642 |   3222 |    420 |     19 |   2606 |   4 |  910.5 |
     Snake Pit |   3204 |   2971 |    233 |     75 |   2342 |   4 |  801.0 |
    Slime Pits |   3502 |   3390 |    112 |    584 |   1759 |   5 |  700.4 |
  Orcish Mines |   1924 |   1728 |    196 |    124 |   1106 |   2 |  962.0 |
   Elven Halls |   3424 |   3051 |    373 |    105 |   2293 |   3 | 1141.3 |
        Vaults |   6926 |   6632 |    294 |    474 |   4901 |   5 | 1385.2 |
        Depths |   6099 |   5535 |    564 |   1136 |   3500 |   4 | 1524.8 |
          Hell |   1009 |    996 |     13 |    225 |    504 |   1 | 1009.0 |
           Zot |   5512 |   5098 |    414 |    704 |   3451 |   5 | 1102.4 |
         Trove |    174 |    174 |      0 |      0 |    150 |   1 |  174.0 |
        Bailey |    381 |    381 |      0 |    105 |    154 |   1 |  381.0 |
        Wizlab |     19 |     19 |      0 |      4 |      3 |   1 |   19.0 |
               +--------+--------+--------+--------+--------+-----+--------+

Top non-repeatable levels by time:
Depths:4: 2331 daAuts
  Lair:5: 1715 daAuts
 Slime:5: 1681 daAuts
Vaults:5: 1678 daAuts
    D:11: 1538 daAuts
    D:14: 1536 daAuts
Vaults:3: 1446 daAuts
   Orc:2: 1418 daAuts
   Elf:3: 1414 daAuts
   Zot:3: 1404 daAuts
Depths:1: 1326 daAuts
Vaults:2: 1319 daAuts
Vaults:4: 1315 daAuts
  Lair:2: 1287 daAuts
Depths:3: 1280 daAuts
